 Dungeon Crawl Stone Soup version 0.27-a0-343-gfcad680f63 (webtiles) character file.

Game seed: 8412953683309472037

1045 tilp the Insei (level 8, 0/54 HPs)
             Began as an Octopode Transmuter on Feb 14, 2021.
             Was a Believer of Okawaru.
             Slain by an orc priest
             ... wielding a +0 hand axe
              (7 damage)
             ... on level 6 of the Dungeon.
             The game lasted 00:12:09 (8146 turns).

tilp the Insei (Octopode Transmuter)                Turns: 8146, Time: 00:12:11

Health: 0/54       AC:  1    Str:  9    XL:     8   Next: 25%
Magic:  9/11       EV: 13    Int: 23    God:    Okawaru [**....]
Gold:   339        SH:  0    Dex: 11    Spells: 5/11 levels left

rFire    . . .     SeeInvis .     - Unarmed
rCold    . . .     Faith    .   (no shield)
rNeg     . . .     Spirit   .   (helmet restricted)
rPois    .         Reflect  .   (no amulet)
rElec    .         Harm     .   h - +6 ring of intelligence
rCorr    .         Rampage  .   (no ring)
Will     .....                  (no ring)
Stlth    +++.......             (no ring)
HPRegen  0.18/turn              (no ring)
MPRegen  0.12/turn              (no ring)
                                (no ring)
                                (no ring)

@: wereblooded
A: almost no armour, stealthy swim, amphibious, 8 rings, constrict 8, tentacle
spike 1, camouflage 1, clumsy 1, gelatinous body 1
a: Renounce Religion, Heroism


You were on level 6 of the Dungeon.
You worshipped Okawaru.
Okawaru was pleased with you.
You visited 1 branch of the dungeon, and saw 6 of its levels.
You also visited: Ossuary.

You collected 501 gold pieces.
You spent 162 gold pieces at shops.

Inventory:

Missiles
 d - 216 stones
 n - 12 poisoned darts (quivered)
 u - 3 atropa-tipped darts
 y - 8 boomerangs
Jewellery
 h - a +6 ring of intelligence (left tentacle)
Wands
 x - a wand of digging (4)
 z - a wand of mindburst (15)
Scrolls
 a - a scroll of fog
 b - 6 scrolls of teleportation
 e - a scroll of enchant armour {unknown}
 k - 3 scrolls of amnesia {unknown}
 r - a scroll of fear {unknown}
 v - a scroll of silence {unknown}
 w - a scroll of random uselessness {unknown}
 A - a scroll of blinking
Potions
 c - 3 potions of flight
 f - 5 potions of brilliance
 g - 2 potions of might
 i - a potion of haste
 j - a potion of magic
 l - a potion of lignification
 m - 3 potions of attraction
 o - a potion of berserk rage
 p - 2 potions of curing
 q - a potion of mutation


   Skills:
 - Level 4.0 Fighting
 - Level 2.0 Dodging
 - Level 4.0 Stealth
 - Level 6.0 Unarmed Combat
 - Level 2.0 Spellcasting
 - Level 4.0 Transmutations
 - Level 2.0 Poison Magic
 + Level 3.1 Invocations
 + Level 3.1 Evocations


You had 5 spell levels left.
You knew the following spells:

 Your Spells              Type           Power        Failure   Level
a - Beastly Appendage     Tmut           40%          2%          1
b - Wereblood             Tmut           20%          3%          2
c - Spider Form           Tmut/Pois      8%           11%         3

Your spell library contained the following spells:

 Spells                   Type           Power        Failure   Level
 Ice Form                 Ice/Tmut       11%          50%         4
 Blade Hands              Tmut           10%          56%         5


Dungeon Overview and Level Annotations

Branches:
Dungeon (6/15)            Ossuary (visited)
 Temple: D:4-7

Altars:
Dithmenos
Makhleb
Nemelex Xobeh
Okawaru
Wu Jian

Shops:
D:4 (   D:6 =*(?

Annotations:
D:4 1 runed translucent door, Crazy Yiuf
D:5 Sigmund


Innate Abilities, Weirdness & Mutations

You cannot wear most types of armour.
You are very stealthy in the water. (Stealth+)
You are amphibious.
You can wear up to eight rings at the same time.
You can use your tentacles to constrict eight enemies at once.
Your skin changes colour to match your surroundings (Stealth+).
Your rubbery body absorbs attacks. (AC +1, EV +1)
One of your tentacles bears a spike.
You are clumsy. (Dex -2)


Message History

The orc priest hits you but does no damage.
The orc hits you with a +0 club.
* * * LOW HITPOINT WARNING * * *
You see here a poisoned dart.
You tentacle-slap the orc priest but do no damage.
Your grab misses the orc priest.
You hear some strange, mumbled words.
A magic dart appears from out of thin air!
The magic dart hits you.
* * * LOW HITPOINT WARNING * * *
The orc priest hits you with a +0 hand axe.
* * * LOW HITPOINT WARNING * * *
You feel much better.
The orc priest looks encouraged for a moment.
Something hits you! The orc priest barely misses you.
Unknown command.
You completely miss the orc. Your grab misses the orc.
Your tentacle spike misses the orc.
The orc hits you but does no damage. Something hits you!
The orc priest hits you with a +0 hand axe.
* * * LOW HITPOINT WARNING * * *
Unknown command.
You barely miss the orc. You grab the orc. You constrict the orc.
The orc hits you with a +0 club.
* * * LOW HITPOINT WARNING * * *
The orc priest calls down the wrath of Beogh upon you.
Beogh smites you!
* * * LOW HITPOINT WARNING * * *
Unknown command.
You feel much better.
You constrict the orc. Something hits you!
* * * LOW HITPOINT WARNING * * *
The orc priest hits you with a +0 hand axe.
* * * LOW HITPOINT WARNING * * *
The orc barely misses you. The orc priest misses you.
Unknown command.
You tentacle-slap the orc priest. Your grab misses the orc priest.
The orc priest is lightly wounded.
You constrict the orc.
The orc priest hits you with a +0 hand axe!
You die...

.##........###..## #∩#
.# .#####...#.....## #!#
.# #.....#.##### #.#
.###.##..#.# ###.#
.##..##....# ##...#
###.###.#..# #..###
##..###.#.## #)##
....##..#.#######)##
....##......##.o@).#
....#..........oo{..#
............(<.......#
.....................#
.........(...........#
........)..............
....#.).................
8##.#...................
.#..............


You could see 2 orc priests and an orc.

Vanquished Creatures
  A centaur (D:6)
  2 bullfrogs (D:6)
  2 water moccasin zombies (D:6)
  A howler monkey (D:5)
  5 wights (D:6)
  A bullfrog zombie (D:6)
  An iguana (D:5)
  2 orc wizards
  2 worker ants
  8 mummies (Ossuary)
  7 adders
  A shadow imp (D:5)
  2 white imps
  3 worms
  5 dart slugs
  3 leopard geckos
  17 orcs
  A ball python (D:2)
  6 giant cockroaches
  3 gnoll zombies (Ossuary)
  13 goblins
  12 hobgoblins
  11 jackals
  A quokka (D:2)
  11 bats
  3 frilled lizards
  3 hobgoblin zombies (Ossuary)
  4 kobolds
  2 kobold zombies (Ossuary)
  6 rats
139 creatures vanquished.

Notes
Turn   | Place    | Note
-------+----------+-------------------------------------------
     0 | D:1      | tilp the Octopode Transmuter began the quest for the Orb.
     0 | D:1      | Reached XP level 1. HP: 13/13 MP: 3/3
    16 | D:1      | Reached skill level 1 in Stealth
   131 | D:1      | Reached XP level 2. HP: 14/18 MP: 3/5
   134 | D:1      | Learned a level 2 spell: Wereblood
   516 | D:1      | You fall into a shaft and drop 1 floor!
   523 | D:2      | Reached XP level 3. HP: 21/23 MP: 4/6
   537 | D:2      | Learned a level 3 spell: Spider Form
   581 | D:2      | Found an iron altar of Okawaru.
   596 | D:2      | Became a worshipper of Warmaster Okawaru
  1668 | D:2      | Reached XP level 4. HP: 29/29 MP: 5/7
  1933 | D:2      | Found a burning altar of Makhleb.
  2251 | D:2      | Found a faded altar of an unknown god.
  3141 | D:3      | Found a shadowy altar of Dithmenos.
  3179 | D:3      | Reached XP level 5. HP: 36/36 MP: 6/8
  3790 | D:4      | Found Kuiriydo's Antique Weapon Shop.
  3870 | D:4      | Found a sand-covered staircase.
  4018 | Ossuary  | Entered an ossuary
  4046 | Ossuary  | Reached skill level 4 in Unarmed Combat
  4059 | Ossuary  | Gained mutation: You are clumsy. (Dex -2) [potion of
                  | mutation]
  4059 | Ossuary  | Gained mutation: One of your tentacles bears a spike.
                  | [potion of mutation]
  4065 | Ossuary  | Reached * piety under Okawaru
  4468 | Ossuary  | Reached XP level 6. HP: 43/43 MP: 9/9
  5830 | D:4      | Found a runed translucent door.
  5831 | D:4      | Noticed Crazy Yiuf
  5910 | D:5      | Entered Level 5 of the Dungeon
  5920 | D:5      | Reached skill level 5 in Unarmed Combat
  6181 | D:5      | Found a sparkling altar of Nemelex Xobeh.
  6543 | D:5      | Reached XP level 7. HP: 20/48 MP: 10/10
  6751 | D:5      | Found an ornate altar of the Wu Jian Council.
  7013 | D:5      | Noticed Sigmund
  7238 | D:6      | Found Hizevvaza's Jewellery Shoppe.
  7249 | D:6      | Reached skill level 6 in Unarmed Combat
  7249 | D:6      | Reached skill level 1 in Poison Magic
  7393 | D:6      | HP: 1/48 [water moccasin zombie (4)]
  7668 | D:6      | Found Puffe's General Store.
  7692 | D:6      | Bought a scroll of blinking for 97 gold pieces
  7692 | D:6      | Bought a scroll of identify for 26 gold pieces
  7719 | D:6      | Reached ** piety under Okawaru
  7725 | D:6      | Reached skill level 1 in Invocations
  7725 | D:6      | Reached skill level 1 in Evocations
  7817 | D:6      | Reached XP level 8. HP: 46/54 MP: 9/11
  8014 | D:6      | Found Usyt's Magic Scroll Boutique.
  8021 | D:6      | Bought a scroll of identify for 26 gold pieces
  8021 | D:6      | Bought a scroll of noise for 13 gold pieces
  8029 | D:6      | Found Luroyte's Weapon Shop.
  8127 | D:6      | Identified the +8 lajatang of the Saving Dove {vamp, Int+4}
  8146 | D:6      | Slain by an orc priest

Illustrated notes

Levels and vault maps discovered:
D:1:      dpeg_arrival_rhombi, layout_rooms, corexii_leaking_fountain
D:2:      layout_loops_corners, overflow_temple_1_default,
          kennysheep_okawaru_gauntlet, chequers_ecumenical_altar_simple,
          minmay_misc_feat_tower
D:3:      layout_loops_corners, nicolae_dithmenos_shadow_blocks
D:4:      layout_loops_corners, serial_shops, nicolae_shop_overgrown_old_shop,
          enter_ossuary_2, kennysheep_generic_room_12, uniq_crazy_yiuf_cottage
D:5:      layout_cave_pods, nzn_wu_jian_council_hall,
          nicolae_overflow_crystal_walls, uniq_sigmund
D:6:      layout_rooms, serial_shops, shop,
          nicolae_shop_temple_entry_statues_fountains, shop, shop

Skill      XL: |  1  2  3  4  5  6  7  8 |
---------------+-------------------------+-----
Stealth        | 2 4 |  4.0
Fighting       | 2 3 4 |  4.0
Unarmed Combat | 4 5 6 |  6.0
Poison Magic   | 2 |  2.0
Transmutations | 4 |  4.0
Invocations    | 2 3 |  3.1
Evocations     | 2 3 |  3.1
Dodging        | |  2.0
Spellcasting   | |  2.0

Action                   |  1- 3 |  4- 6 |  7- 9 || total
-------------------------+-------+-------+-------++-------
Melee: Unarmed           |    85 |   187 |    90 ||   362
       Kick              |    13 |    41 |    24 ||    78
       Constrict         |    25 |    56 |    19 ||   100
       Tentacles         |    11 |    30 |    11 ||    52
       Punch             |     2 |     5 |     4 ||    11
Throw: Stone             |    12 |    13 |       ||    25
       Boomerang         |       |    23 |     2 ||    25
       Dart              |       |    20 |     9 ||    29
 Cast: Beastly Appendage |    18 |    19 |       ||    37
       Wereblood         |     4 |    11 |     4 ||    19
  Use: Scroll            |     2 |    11 |     3 ||    16
       Potion            |       |     1 |     4 ||     5
 Stab: Sleeping          |     6 |     9 |     4 ||    19
Armor: Skin              |     9 |     7 |     2 ||    18
Dodge: Dodged            |    42 |    99 |    50 ||   191

Table legend: (Time is in decaauts)
 A = Elapsed time spent in this place.
 B = Non-inter-level travel time spent in this place.
 C = Inter-level travel time spent in this place.
 D = Time resting spent in this place.
 E = Time spent auto-exploring this place.
 F = Levels seen in this place.
 G = Mean time per level.
                   A        B        C        D        E       F      G
               +--------+--------+--------+--------+--------+-----+--------+
         Total |   8127 |   7793 |    334 |   1635 |   4969 |   7 | 1161.0 |
       Dungeon |   7248 |   6914 |    334 |   1087 |   4772 |   6 | 1208.0 |
       Ossuary |    879 |    879 |      0 |    548 |    197 |   1 |  879.0 |
               +--------+--------+--------+--------+--------+-----+--------+

Top non-repeatable levels by time:
     D:2: 1799 daAuts
     D:5: 1324 daAuts
     D:4: 1240 daAuts
     D:3: 995 daAuts
     D:1: 988 daAuts
     D:6: 899 daAuts
 Ossuary: 879 daAuts
